 Dungeon Crawl Stone Soup version 0.31-a0-188-g5e087ee2ca (webtiles) character file.

Game seed: 13990532433438070214

57 qw the Shooter (level 3, -2/20 HPs)
             Began as a Deep Elf Hunter on June 23, 2023.
             Slain by Terence
             ... wielding a +0 mace
              (6 damage)
             ... on level 2 of the Dungeon.
             The game lasted 00:00:34 (1131 turns).

qw the Shooter (Deep Elf Hunter)                    Turns: 1131, Time: 00:00:34

Health: -2/20      AC:  3    Str: 10    XL:     3   Next: 73%
Magic:  5/5        EV: 12    Int: 13    God:
Gold:   64         SH:  0    Dex: 18    Spells: 2/2 levels left

rFire   . . .        Y - +0 shortbow
rCold   . . .        (shield currently unavailable)
rNeg    . . .        c - +0 leather armour
rPois   .            (no helmet)
rElec   .            (no cloak)
rCorr   .            (no gloves)
SInv    .            (no boots)
Will    .....        (no amulet)
Stlth   ++           (no ring)
HPRegen 0.23/turn    (no ring)
MPRegen 0.09/turn

%: no passive effects
@: no status effects
A: no striking features
a: no special abilities


You were on level 2 of the Dungeon.
You visited 1 branch of the dungeon, and saw 2 of its levels.

You collected 64 gold pieces.


   Skills:
 - Level 1.5 Fighting
 + Level 7.2 Ranged Weapons
 - Level 2.4 Dodging
 - Level 1.2 Stealth


You had 2 spell levels left.
You didn't know any spells.
Your spell library was empty.

Inventory:

Hand Weapons
 Y - a +0 shortbow (weapon)
Armour
 b - a +2 pair of gloves
 c - a +0 leather armour (worn)
Potions
 a - a potion of heal wounds {unknown}
 d - a potion of experience {unknown}
 i - a potion of haste {unknown}

Dungeon Overview and Level Annotations

Branches:
Dungeon (2/15)

Altars:

Shops:
D:1 *

Annotations:
D:2 Terence


Message History

You shoot an arrow. The arrow hits Terence.
Terence is moderately wounded.
You shoot an arrow.
The arrow hits Terence but does no damage.
Terence is moderately wounded.
You shoot an arrow. The arrow hits Terence.
Terence is heavily wounded.
You shoot an arrow. The arrow hits Terence.
Terence is heavily wounded.
You shoot an arrow.
The arrow hits Terence but does no damage.
Terence is heavily wounded.
Terence barely misses you.
You shoot an arrow.
The arrow hits Terence but does no damage.
Terence is heavily wounded.
Terence misses you.
You shoot an arrow. The arrow hits Terence.
Terence is severely wounded.
Terence hits you but does no damage.
You shoot an arrow.
The arrow hits Terence but does no damage.
Terence is severely wounded.
Terence screams, "I'm going to kill you!"
Terence hits you with a +0 mace. x2
You shoot an arrow. The arrow closely misses Terence.
Terence closely misses you.
You shoot an arrow. The arrow hits Terence.
Terence is almost dead.
Terence hits you with a +0 mace!
You shoot an arrow. The arrow closely misses Terence.
Terence closely misses you.
You shoot an arrow. The arrow barely misses Terence.
Terence closely misses you.
You shoot an arrow.
The arrow hits Terence but does no damage.
Terence is almost dead.
Terence bares his teeth.
Terence hits you with a +0 mace.
You die...

.#####........................
..........#...................
....%....##.......##......###.
.........# .........###..#
.).......#####....##. ..#
.........#.....#...#
###.............$..#
#.................##...
#>.............@@....#
#..................###
..............%..#....#
.................##.#..#
#................# .# .#
#................# . .
###............#.... !
##..##..########## ## ##....##


You could see Terence.

Vanquished Creatures
  A worm (D:2)
  3 dart slugs
  7 bats
  6 endoplasms
  3 goblins
  7 hobgoblins
  4 quokkas (D:1)
  4 ball pythons
  A frilled lizard (D:2)
  4 kobolds (D:1)
  2 rats
42 creatures vanquished.

Notes
Turn   | Place    | Note
-------+----------+-------------------------------------------
     0 | D:1      | qw the Deep Elf Hunter began the quest for the Orb.
     0 | D:1      | Reached XP level 1. HP: 12/12 MP: 3/3
     0 | D:1      | 0 ||| qw: Version: 0.3-a-9-g12657ce
     0 | D:1      | 0 ||| qw: Game counter: 4047
     0 | D:1      | 0 ||| qw: Always use a shield: true
     0 | D:1      | 0 ||| qw: God list: Okawaru
     0 | D:1      | 0 ||| qw: Allow faded altars: false
     0 | D:1      | 0 ||| qw: Do Orc after D:15 true
     0 | D:1      | 0 ||| qw: Do second Lair branch before Depths: true
     0 | D:1      | 0 ||| qw: Lair rune preference: random
     0 | D:1      | 0 ||| qw: Plans: Normal
     0 | D:1      | 0 ||| PLANNING D:1-11
   112 | D:1      | Reached XP level 2. HP: 16/16 MP: 4/4
   134 | D:1      | Reached skill level 6 in Ranged Weapons
   471 | D:1      | Found Cademn's General Store.
   474 | D:1      | 474 ||| SHOPLISTING +0 scale mail (48 gold, have 24).
   474 | D:1      | 474 ||| SHOPLISTING potion of curing (36 gold, have 24).
   474 | D:1      | 474 ||| SHOPLISTING scroll of enchant armour (90 gold, have
                  | 24).
   492 | D:1      | Reached XP level 3. HP: 20/20 MP: 5/5
   794 | D:1      | 794 ||| READING scroll labelled HONAEB LELUHI.
   795 | D:1      | 795 ||| READING scroll labelled VUCROCK NAED.
   796 | D:1      | 796 ||| READING 2 scrolls labelled WYIXET XUGURE.
   797 | D:1      | 797 ||| READING scroll labelled GIOCZI JUPLE.
   798 | D:1      | 798 ||| DRINKING 2 murky blue potions.
   847 | D:1      | 847 ||| DROPPING scroll of butterflies.
   848 | D:1      | 848 ||| DROPPING scroll of immolation.
   849 | D:1      | 849 ||| DROPPING potion of lignification.
   891 | D:2      | 891 ||| STAIRDANCE
   946 | D:2      | Reached skill level 7 in Ranged Weapons
   946 | D:2      | 946 ||| STAIRDANCE
  1116 | D:2      | Noticed Terence
  1128 | D:2      | HP: 3/20 [Terence/+0 mace (9)]
  1131 | D:2      | Slain by Terence

Levels and vault maps discovered:
D:1:      dpeg_arrival_refuge, layout_basic, serial_shops,
          nicolae_shop_real_fake_doors, hangedman_decor_growths,
          minmay_misc_feat_cross
D:2:      layout_rooms, corexii_leaking_fountain, uniq_crazy_yiuf_cottage,
          uniq_terence

Skill      XL: |  1  2  3 |
---------------+----------+-----
Ranged Weapons | 6 7 |  7.2
Fighting       | |  1.5
Dodging        | |  2.4
Stealth        | |  1.2

Action                     || total
---------------------------++-------
   Fire: Shortbow          ||   141
    Use: Scroll            ||     4
         Potion            ||     1
 Armour: Leather armour    ||    24
  Dodge: Dodged            ||    62

Table legend:
 A = Non-vault XP
 B = Vault XP
 C = Vault XP percentage of total XP
 D = Non-vault monster count
 E = Vault monster count
 F = Vault count percentage of total count
                 A         B        C        D         E       F
            +---------+---------+-------+---------+---------+-------
      Total |      82 |       0 |   0.0 |      42 |       0 |   0.0
            +---------+---------+-------+---------+---------+-------
        D:1 |      55 |       0 |   0.0 |      30 |       0 |   0.0
        D:2 |      27 |       0 |   0.0 |      12 |       0 |   0.0
            +---------+---------+-------+---------+---------+-------
